 Dungeon Crawl Stone Soup version 0.21-a0-150-gc243083 (webtiles) character file.

23 Elafonis the Sneak (level 2, -2/13 HPs)
             Began as a Spriggan Enchanter on July 30, 2017.
             Slain by Jessica (3 damage)
             ... on level 3 of the Dungeon.
             The game lasted 00:05:24 (1559 turns).

Elafonis the Sneak (Spriggan Enchanter)             Turns: 1559, Time: 00:05:25

Health: -2/13      AC:  2    Str:  4    XL:     2   Next: 75%
Magic:  7/7        EV: 18    Int: 16    God:
Gold:   48         SH:  0    Dex: 16    Spells: 5/8 levels left

rFire    . . .     SeeInvis +   g - -1 hunting sling (curse)
rCold    . . .     Gourm    .   (shield restricted)
rNeg     . . .     Faith    .   b - +0 robe
rPois    .         Spirit   .   (helmet restricted)
rElec    .         Reflect  .   (no cloak)
rCorr    .         Harm     .   (gloves unavailable)
MR       +....                  (boots unavailable)
Stlth    +++.......             (no amulet)
HPRegen  0.04/turn              e - ring of protection from magic
MPRegen  0.10/turn              (no ring)

@: very quick
A: unfitting armour, see invisible, herbivore 3, speed 3, slow metabolism 2
a: no special abilities


You were on level 3 of the Dungeon.
You were not hungry.

You visited 1 branch of the dungeon, and saw 3 of its levels.

You collected 48 gold pieces.

Inventory:

Hand Weapons
 a - a +1 dagger
 g - a cursed -1 hunting sling (weapon)
Armour
 b - a +0 robe (worn)
Jewellery
 e - a ring of protection from magic (left hand)
Scrolls
 j - a scroll of blinking
Books
 c - a book of Maledictions

   Spells                             Type                      Level
   a - Corona                         Hexes                        1
   b - Ensorcelled Hibernation        Hexes/Ice                    2
   c - Confuse                        Hexes                        3
   d - Tukima's Dance                 Hexes                        3
   e - Dazzling Spray                 Conjuration/Hexes            3
Comestibles
 d - a bread ration


   Skills:
 - Level 1.1 Short Blades
 - Level 3.0 Dodging
 - Level 4.4 Stealth
 + Level 3.6 Spellcasting
 + Level 4.2 Hexes


You had 5 spell levels left.
You knew the following spells:

 Your Spells              Type           Power        Failure   Level  Hunger
a - Ensorcelled Hibernat  Hex/Ice        #.....       11%         2    ##.....
b - Corona                Hex            ###....      3%          1    None


Dungeon Overview and Level Annotations

Branches:
Dungeon (3/15)

Altars:

Annotations:
D:3 Grinder, Jessica


Innate Abilities, Weirdness & Mutations

You are very small and have problems with some larger weapons.
You are too small for most types of armour.
You have supernaturally acute eyesight. (SInv)
You are a herbivore.
You cover ground extremely quickly.
You need consume almost no food.


Message History

Jessica is moderately wounded.
Jessica casts a spell at you. You resist with almost no effort.
The quokka closely misses you. Jessica misses you. The quokka bites you.
An orc comes into view. It is wielding a trident.
Unknown command.
Unknown command.
You closely miss Jessica.
Jessica is moderately wounded.
Jessica hits you.
* * * LOW HITPOINT WARNING * * *
The orc hits you but does no damage. The quokka barely misses you.
Jessica hits you.
* * * LOW HITPOINT WARNING * * *
The orc misses you. The quokka closely misses you.
You barely miss Jessica.
Jessica is moderately wounded.
Jessica misses you. x2; The quokka closely misses you.
The orc misses you. Jessica hits you.
You die...

####. #. #####r
#..... #.####
########.# #
#.....r..#
#o######.########
#.@@r.[..#
##########


You could see Jessica, an orc and a quokka.

Vanquished Creatures
  A worm (D:2)
  A dart slug (D:1)
  A leopard gecko (D:1)
  2 bats (D:1)
  2 giant cockroaches
  A goblin (D:1)
  4 hobgoblins
  A frilled lizard (D:2)
  2 kobolds
  A rat (D:1)
16 creatures vanquished.

Notes
Turn   | Place    | Note
-------+----------+-------------------------------------------
     0 | D:1      | Elafonis the Spriggan Enchanter began the quest for the Orb.
     0 | D:1      | Reached XP level 1. HP: 9/9 MP: 5/5
   198 | D:1      | Reached XP level 2. HP: 13/13 MP: 5/7
   202 | D:1      | Learned a level 2 spell: Ensorcelled Hibernation
  1500 | D:3      | Noticed Grinder
  1547 | D:3      | Noticed Jessica
  1559 | D:3      | Slain by Jessica

Vault maps used:
D:1:      saegor_arrival_simple_e
D:2:      overflow_temple_1_default
D:3:      grunt_temple_overflow_diamond, uniq_grinder, uniq_jessica

Skill      XL: |  1 |
---------------+----+-----
Spellcasting   | 3 |  3.6
Hexes          | 4 |  4.2
Short Blades   | |  1.1
Dodging        | |  3.0
Stealth        | |  4.4

Action                   || total
-------------------------++-------
Melee: Dagger            ||    37
       Hunting sling     ||     6
 Fire: Hunting sling     ||    71
 Cast: Corona            ||     4
       Ensorcelled Hiber ||     2
  Use: Scroll            ||     4
 Stab: Sleeping          ||     3
Armor: Robe              ||    13
Dodge: Dodged            ||    83
